 Dungeon Crawl Stone Soup version 0.20.0 (webtiles) character file.

18 azrac the Bolt Thrower (level 2, 0/23 HPs)
             Began as a Formicid Hunter on June 4, 2017.
             Slain by a gnoll
             ... wielding a cursed -2 spear
              (2 damage)
             ... on level 1 of the Dungeon.
             The game lasted 00:00:47 (733 turns).

azrac the Bolt Thrower (Formicid Hunter)             Turns: 733, Time: 00:00:48

Health: 0/23       AC:  3    Str: 16    XL:     2   Next: 85%
Magic:  2/2        EV:  9    Int: 10    God:
Gold:   37         SH:  5    Dex: 11    Spells: 1/1 levels left

rFire    . . .     SeeInvis +   a - +1 hand crossbow
rCold    . . .     Gourm    .   e - -2 shield (curse)
rNeg     . . .     Faith    .   c - +0 leather armour
rPois    .         Spirit   .   (helmet unavailable)
rElec    .         Reflect  .   (no cloak)
rCorr    .         Harm     .   (no gloves)
MR       .....                  (no boots)
Stlth    +.........             (no amulet)
Regen    0.1/turn               (no ring)
MPRegen  0.1/turn               (no ring)

@: no status effects
A: permanent stasis, dig shafts and tunnels, four strong arms, antennae 3
a: Dig, Shaft Self


You were on level 1 of the Dungeon.
You were not hungry.

You visited 1 branch of the dungeon, and saw 1 of its levels.

You collected 37 gold pieces.

Inventory:

Hand Weapons
 a - a +1 hand crossbow (weapon)
 b - a +0 short sword
Missiles
 d - 15 bolts (quivered)
Armour
 c - a +0 leather armour (worn)
 e - a cursed -2 shield (worn)
Scrolls
 h - a scroll of teleportation {unknown}
 i - a scroll of identify {unknown}
Comestibles
 f - a bread ration
 g - 3 chunks of flesh


   Skills:
 + Level 2.5 Fighting
 * Level 4.2 Crossbows
 + Level 1.2 Armour
 + Level 2.0 Dodging
 - Level 1.2 Stealth


You had one spell level left.
You didn't know any spells.

Dungeon Overview and Level Annotations

Branches:
Dungeon (1/15)

Altars:


Innate Abilities, Weirdness & Mutations

You cannot be hasted, slowed, berserked, paralysed or teleported.
You can dig through walls and to a lower floor.
Your four strong arms can wield two-handed weapons with a shield.
You have a pair of large antennae on your head. (SInv)


Message History

You kill the kobold!
Your Armour skill increases to level 1!
The gnoll hits you from afar with a spear!
* * * LOW HITPOINT WARNING * * *
Firing (i - inventory):
d - 17 bolts (quivered)
Press: ? - help, Shift-Dir - straight line, f - gnoll
Aim: a gnoll, wielding a spear You shoot a bolt.
The bolt completely misses the gnoll.
The bolt hits the hobgoblin.
You kill the hobgoblin!
The gnoll hits you but does no damage.
The gnoll hits you from afar with a spear.
* * * LOW HITPOINT WARNING * * *
Firing (i - inventory):
d - 16 bolts (quivered)
Press: ? - help, Shift-Dir - straight line, f/p - gnoll
Aim: a gnoll, wielding a spear You shoot a bolt.
The bolt hits the gnoll!
The gnoll is severely wounded.
The gnoll hits you from afar with a spear.
You die...

.##.# ##...## .##.#
##....# .##.#
#.#.#.##### ....#
#..(....... .#
#.#.####### ..# .#
#.#(# #s.# # .#
#(#g# #..# # .#
#.#(# #..# # .#
#)#@######## #..# #
.#### #..........#
#..# # ....#
###.######.###..####
....#
#.........).......
....#
########.###......
.#.## #.# ##..###
.#>### #.# ##.#
.#...# #.# #.#
>....# ##########.#
#.#


You could see a gnoll.

Vanquished Creatures
  A leopard gecko (D:1)
  A bat (D:1)
  A giant cockroach (D:1)
  3 goblins (D:1)
  3 hobgoblins (D:1)
  2 kobolds (D:1)
  2 frilled lizards (D:1)
  A rat (D:1)
14 creatures vanquished.

Notes
Turn   | Place    | Note
-------+----------+-------------------------------------------
     0 | D:1      | azrac the Formicid Hunter began the quest for the Orb.
     0 | D:1      | Reached XP level 1. HP: 16/16 MP: 1/1
     3 | D:1      | Noticed a felid
     3 | D:1      | Noticed a minotaur
     5 | D:1      | Noticed an elf
     5 | D:1      | Noticed an ogre
     7 | D:1      | Noticed a vine stalker
     7 | D:1      | Noticed a merfolk
     9 | D:1      | Noticed a demigod
     9 | D:1      | Noticed a ghoul
    11 | D:1      | Noticed a gargoyle
    13 | D:1      | Noticed a human
    13 | D:1      | Noticed a naga
    15 | D:1      | Noticed a spriggan
    15 | D:1      | Noticed a formicid
    17 | D:1      | Noticed a halfling
    17 | D:1      | Noticed a dwarf
    19 | D:1      | Noticed a vampire
    19 | D:1      | Noticed a centaur
    21 | D:1      | Noticed a tengu
    23 | D:1      | Noticed an octopode
    25 | D:1      | Noticed a troll
    27 | D:1      | Noticed a demonspawn
    27 | D:1      | Noticed a draconian
   349 | D:1      | Reached XP level 2. HP: 18/22 MP: 2/2
   731 | D:1      | Reached skill level 1 in Armour
   733 | D:1      | Slain by a gnoll

Skill      XL: |  1  2 |
---------------+-------+-----
Dodging        | 2 |  2.0
Armour         | 1 |  1.2
Fighting       | |  2.5
Crossbows      | |  4.2
Stealth        | |  1.2

Action                   || total
-------------------------++-------
Melee: Short sword       ||    50
 Fire: Hand crossbow     ||     8
 Abil: Dig               ||     1
Armor: Leather armour    ||    19
Dodge: Dodged            ||    41
Block: Shield            ||    15
